IL
SALT LAKE BEES @ FRESNO GRIZZLIES
08/29/2045
 
TOP OF THE 1ST
Salt Lake Bees batting - Pitching for Fresno Grizzlies : RHP Bill Garcia
Pitching: RHP Bill Garcia
Batting: LHB Javier Trujillo 0-0: Ball
1-0: Called Strike
1-1: Fly out, F8 (Flyball, 8RM, EV 87.5 MPH)
Batting: RHB Melvin Gomez 0-0: Foul Ball, location: 2F
0-1: DOUBLE (Line Drive, 8RD, EV 102.5 MPH)
Batting: RHB Alain Delhaye 0-0: Ball
1-0: Foul Ball, location: 2F
1-1: Called Strike
1-2: Ground out 5-3 (Groundball, 56S, EV 84.4 MPH)
Batting: RHB Andres Mendiola 0-0: Ball
1-0: SINGLE (Line Drive, 4MD, EV 96.2 MPH)
Melvin Gomez to third
Batting: LHB Vinny Carreno 0-0: Called Strike
0-1: Ball
1-1: SINGLE (Groundball, 34, EV 104.4 MPH)
Melvin Gomez scores
Andres Mendiola to second
Runner from 2nd tries for 3rd, SAFE, throw by RF made at trailing runner, OUT! 9-6
Top of the 1st over - 1 run, 3 hits, 0 errors, 1 left on base; Salt Lake 1 - Fresno 0
BOTTOM OF THE 1ST
Fresno Grizzlies batting - Pitching for Salt Lake Bees : RHP Dave Jackson
Pitching: RHP Dave Jackson
Batting: LHB Bob Myers 0-0: Swinging Strike
0-1: Ball
1-1: Foul Ball, location: 2F
1-2: Ball
2-2: Foul Ball, location: 2F
2-2: Foul Ball, location: 2F
2-2: Foul Ball, location: 2F
2-2: Strikes out swinging
Batting: LHB Mike Davis 0-0: Called Strike
0-1: Ball
1-1: Ball
2-1: Ball
3-1: Called Strike
3-2: Strikes out looking
Batting: SHB Troy Kenyon 0-0: Ball
1-0: Foul Ball, location: 2F
1-1: Swinging Strike
1-2: Ball
2-2: Strikes out swinging
Bottom of the 1st over - 0 runs, 0 hits, 0 errors, 0 left on base; Salt Lake 1 - Fresno 0
TOP OF THE 2ND
Salt Lake Bees batting - Pitching for Fresno Grizzlies : RHP Bill Garcia
Batting: RHB Bjoern Waltersson 0-0: Fly out, F5 (Line Drive, 5, EV 65.6 MPH)
Batting: RHB Jeff Long 0-0: Swinging Strike
0-1: Swinging Strike
0-2: Ball
1-2: Foul Ball, location: 2F
1-2: Strikes out looking
Batting: RHB Guillermo Mojica 0-0: Called Strike
0-1: Fly out, F4 (Popup, 4, EV 63.8 MPH)
Top of the 2nd over - 0 runs, 0 hits, 0 errors, 0 left on base; Salt Lake 1 - Fresno 0
BOTTOM OF THE 2ND
Fresno Grizzlies batting - Pitching for Salt Lake Bees : RHP Dave Jackson
Batting: LHB Chris Cabrera 0-0: Ball
1-0: Ball
2-0: Called Strike
2-1: Swinging Strike
2-2: Foul Ball, location: 2F
2-2: Ball
3-2: SINGLE (Flyball, 6D, EV 86.2 MPH)
Batting: LHB Doug Anderson 0-0: Fielders Choice at 2nd, 6-4 (Groundball, 6M, EV 83.1 MPH)
Batting: LHB Daniel Lopez 0-0: Ball
1-0: Ball
2-0: Ball
3-0: Called Strike
3-1: SINGLE (Groundball, 4MD, EV 98.8 MPH)
Doug Anderson to second
Batting: LHB Vinny Siebecker 0-0: Called Strike
0-1: Ball
1-1: SINGLE (Groundball, 6S, EV 72.5 MPH) (infield hit)
Doug Anderson to third
Daniel Lopez to second
Batting: RHB Raul Sanchez 0-0: Ball
1-0: Ball
2-0: Called Strike
2-1: Foul Ball, location: 2F
2-2: Ball
3-2: Grounds into double play, 4-6-3 (Groundball, 4S, EV 86.9 MPH)
Bottom of the 2nd over - 0 runs, 3 hits, 0 errors, 2 left on base; Salt Lake 1 - Fresno 0
TOP OF THE 3RD
Salt Lake Bees batting - Pitching for Fresno Grizzlies : RHP Bill Garcia
Batting: SHB Brendan Bundy 0-0: Foul Ball, location: 2F
0-1: Ball
1-1: Bunted foul
1-2: Strikes out looking
Batting: LHB Javier Trujillo 0-0: Called Strike
0-1: Ball
1-1: Fly out, F8 (Line Drive, 8LM, EV 92.5 MPH)
Batting: RHB Melvin Gomez 0-0: Ball
1-0: Ball
2-0: Swinging Strike
2-1: SINGLE (Groundball, 6M, EV 101.2 MPH) (infield hit)
Batting: RHB Alain Delhaye 0-0: Called Strike
0-1: Ball
1-1: Ball
2-1: Called Strike
2-2: Ground out 1-3 (Groundball, P, EV 72.5 MPH)
Top of the 3rd over - 0 runs, 1 hit, 0 errors, 1 left on base; Salt Lake 1 - Fresno 0
BOTTOM OF THE 3RD
Fresno Grizzlies batting - Pitching for Salt Lake Bees : RHP Dave Jackson
Batting: RHB Danny Bustos 0-0: Foul Ball, location: 2F
0-1: Foul Ball, location: 2F
0-2: Ball
1-2: Foul Ball, location: 2F
1-2: Ball
2-2: Strikes out looking
Batting: LHB Bob Myers 0-0: Called Strike
0-1: Swinging Strike
0-2: Ball
1-2: Ball
2-2: Strikes out swinging
Batting: LHB Mike Davis 0-0: Ball
1-0: Foul Ball, location: 2F
1-1: Ball
2-1: Fly out, F6 (Flyball, 56D, EV 82.5 MPH)
Bottom of the 3rd over - 0 runs, 0 hits, 0 errors, 0 left on base; Salt Lake 1 - Fresno 0
TOP OF THE 4TH
Salt Lake Bees batting - Pitching for Fresno Grizzlies : RHP Bill Garcia
Batting: RHB Andres Mendiola 0-0: Ball
1-0: Swinging Strike
1-1: Called Strike
1-2: Foul Ball, location: 2F
1-2: Foul Ball, location: 2F
1-2: Fly out, F8 (Line Drive, 8RM, EV 95.6 MPH)
Batting: LHB Vinny Carreno 0-0: Ball
1-0: SINGLE (Groundball, 56D, EV 98.8 MPH)
Batting: RHB Bjoern Waltersson 0-0: Foul Ball, location: 2F
0-1: Foul Ball, location: 2F
0-2: Foul Ball, location: 2F
0-2: Ball
1-2: Ball
2-2: Ground out 5-3 (Groundball, 56, EV 102.5 MPH)
Vinny Carreno to second
Batting: RHB Jeff Long 0-0: Fly out, F5 (Popup, 6S, EV 75.0 MPH)
Top of the 4th over - 0 runs, 1 hit, 0 errors, 1 left on base; Salt Lake 1 - Fresno 0
BOTTOM OF THE 4TH
Fresno Grizzlies batting - Pitching for Salt Lake Bees : RHP Dave Jackson
Batting: SHB Troy Kenyon 0-0: Called Strike
0-1: Ball
1-1: Ground out 4-3 (Groundball, 4, EV 108.8 MPH)
Batting: LHB Chris Cabrera 0-0: Foul Ball, location: 2F
0-1: Called Strike
0-2: Ball
1-2: Reached on error, E5 (Groundball, 25, EV 63.8 MPH)
Batting: LHB Doug Anderson 0-0: Ball
1-0: 2-RUN HOME RUN (Flyball, 89XD, EV 100.0 MPH), Distance : 386 ft
Batting: LHB Daniel Lopez 0-0: Ground out U3 (Groundball, 3S, EV 65.6 MPH)
Batting: LHB Vinny Siebecker 0-0: Ball
1-0: Ground out 6-3 (Groundball, 6, EV 86.2 MPH)
Bottom of the 4th over - 2 runs, 1 hit, 1 error, 0 left on base; Salt Lake 1 - Fresno 2
TOP OF THE 5TH
Salt Lake Bees batting - Pitching for Fresno Grizzlies : RHP Bill Garcia
Batting: RHB Guillermo Mojica 0-0: Ball
1-0: Foul Ball, location: 2F
1-1: Foul Ball, location: 2F
1-2: Ball
2-2: Ball
3-2: Base on Balls
Batting: SHB Brendan Bundy 0-0: Ball
1-0: Ball
2-0: Called Strike
2-1: Foul Ball, location: 2F
2-2: Ball
3-2: Ground out 1-3 (Groundball, P, EV 70.0 MPH)
Guillermo Mojica to second
Batting: LHB Javier Trujillo 0-0: Called Strike
0-1: Ball
1-1: Ground out 3-1 (Groundball, 34S, EV 86.2 MPH)
Guillermo Mojica to third
Batting: RHB Melvin Gomez 0-0: Called Strike
0-1: Swinging Strike
0-2: Ball
1-2: Ball
2-2: Ball
3-2: Foul Ball, location: 2F
3-2: Strikes out looking
Top of the 5th over - 0 runs, 0 hits, 0 errors, 1 left on base; Salt Lake 1 - Fresno 2
BOTTOM OF THE 5TH
Fresno Grizzlies batting - Pitching for Salt Lake Bees : RHP Dave Jackson
Batting: RHB Raul Sanchez 0-0: Ball
1-0: Called Strike
1-1: Foul Ball, location: 2F
1-2: Strikes out swinging
Batting: RHB Danny Bustos 0-0: Called Strike
0-1: Fly out, F8 (Flyball, 89D, EV 100.6 MPH)
Pitching: RHP Jose Alvarado
Batting: LHB Bob Myers 0-0: Called Strike
0-1: Ball
1-1: Swinging Strike
1-2: Strikes out looking
Bottom of the 5th over - 0 runs, 0 hits, 0 errors, 0 left on base; Salt Lake 1 - Fresno 2
TOP OF THE 6TH
Salt Lake Bees batting - Pitching for Fresno Grizzlies : RHP Bill Garcia
Batting: RHB Alain Delhaye 0-0: Called Strike
0-1: Called Strike
0-2: Ball
1-2: Foul Ball, location: 2F
1-2: Reached on error, E5 (Flyball, 5D, EV 90.6 MPH)
Batting: RHB Andres Mendiola 0-0: Ball
1-0: Ball
2-0: SINGLE (Line Drive, 34D, EV 98.8 MPH)
Alain Delhaye to second
Batting: LHB Vinny Carreno 0-0: Called Strike
0-1: Called Strike
0-2: 3-RUN HOME RUN (Flyball, 7D, EV 97.5 MPH), Distance : 381 ft
Batting: RHB Bjoern Waltersson 0-0: Foul Ball, location: 2F
0-1: Ball
1-1: Ball
2-1: Called Strike
2-2: Fly out, F7 (Flyball, 7, EV 83.1 MPH)
Batting: RHB Jeff Long 0-0: Ball
1-0: Foul Ball, location: 2F
1-1: Ball
2-1: Called Strike
2-2: Strikes out looking
Batting: RHB Guillermo Mojica 0-0: Called Strike
0-1: Foul Ball, location: 2F
0-2: Strikes out swinging
Top of the 6th over - 3 runs, 2 hits, 1 error, 0 left on base; Salt Lake 4 - Fresno 2
BOTTOM OF THE 6TH
Fresno Grizzlies batting - Pitching for Salt Lake Bees : RHP Jose Alvarado
Batting: LHB Mike Davis 0-0: Ball
1-0: Ground out 5-3 (Groundball, 5, EV 97.5 MPH)
Batting: SHB Troy Kenyon 0-0: Ball
1-0: Swinging Strike
1-1: Ball
2-1: Foul Ball, location: 2F
2-2: Strikes out swinging
Batting: LHB Chris Cabrera 0-0: Swinging Strike
0-1: Foul Ball, location: 2F
0-2: Ball
1-2: Ball
2-2: Foul Ball, location: 2F
2-2: Ball
3-2: Base on Balls
Batting: LHB Doug Anderson 0-0: SINGLE (Groundball, 34D, EV 103.1 MPH)
Chris Cabrera to second
Runner from 2nd tries for 3rd, SAFE, throw by RF made to third
Doug Anderson to second
Batting: LHB Daniel Lopez 0-0: Called Strike
0-1: Fly out, F7 (Flyball, 78S, EV 93.8 MPH)
Bottom of the 6th over - 0 runs, 1 hit, 0 errors, 2 left on base; Salt Lake 4 - Fresno 2
TOP OF THE 7TH
Salt Lake Bees batting - Pitching for Fresno Grizzlies : RHP Bill Garcia
Pitching: RHP Shane Walker
Batting: SHB Brendan Bundy 0-0: Ball
1-0: Ball
2-0: Called Strike
2-1: Called Strike
2-2: Strikes out swinging
Batting: LHB Javier Trujillo 0-0: Called Strike
0-1: Ball
1-1: Ball
2-1: Ball
3-1: Foul Ball, location: 2F
3-2: Foul Ball, location: 2F
3-2: Foul Ball, location: 2F
3-2: Ground out U3 (Groundball, 3, EV 80.0 MPH)
Batting: RHB Melvin Gomez 0-0: Swinging Strike
0-1: Called Strike
0-2: Ball
1-2: Ball
2-2: Ground out 3-1 (Groundball, 34, EV 87.5 MPH)
Top of the 7th over - 0 runs, 0 hits, 0 errors, 0 left on base; Salt Lake 4 - Fresno 2
BOTTOM OF THE 7TH
Fresno Grizzlies batting - Pitching for Salt Lake Bees : RHP Jose Alvarado
Batting: LHB Vinny Siebecker 0-0: Called Strike
0-1: Ball
1-1: Ground out 5-3 (Groundball, 5, EV 83.8 MPH)
Batting: RHB Raul Sanchez 0-0: Ball
1-0: Swinging Strike
1-1: Foul Ball, location: 2F
1-2: Ball
2-2: Ball
3-2: Foul Ball, location: 2F
3-2: Base on Balls
Batting: RHB Danny Bustos 0-0: Bunt missed!
0-1: Bunted foul
0-2: Sac Bunt to 23 - play at first, batter OUT! 3-4
Raul Sanchez to second
Batting: LHB Bob Myers 0-0: Swinging Strike
0-1: Ball
1-1: Ball
2-1: Ground out 3-1 (Groundball, 34, EV 91.2 MPH)
Bottom of the 7th over - 0 runs, 0 hits, 0 errors, 1 left on base; Salt Lake 4 - Fresno 2
TOP OF THE 8TH
Salt Lake Bees batting - Pitching for Fresno Grizzlies : RHP Shane Walker
Batting: RHB Alain Delhaye 0-0: Swinging Strike
0-1: Ball
1-1: SINGLE (Line Drive, 8LM, EV 96.9 MPH)
Batting: RHB Andres Mendiola 0-0: Fielders Choice at 2nd, 3-6 (Groundball, 34, EV 86.2 MPH)
Batting: LHB Vinny Carreno 0-0: Ball
1-0: Called Strike
1-1: Swinging Strike
1-2: Ball
2-2: Strikes out swinging
Batting: RHB Bjoern Waltersson 0-0: Called Strike
Andres Mendiola steals 2nd base
0-1: Foul Ball, location: 2F
0-2: Ball
1-2: Ball
2-2: Foul Ball, location: 2F
2-2: Foul Ball, location: 2F
2-2: Fly out, F7 (Flyball, 7LS, EV 85.0 MPH)
Top of the 8th over - 0 runs, 1 hit, 0 errors, 1 left on base; Salt Lake 4 - Fresno 2
BOTTOM OF THE 8TH
Fresno Grizzlies batting - Pitching for Salt Lake Bees : RHP Jose Alvarado
Pitching: LHP Cody Bodenhamer
Batting: LHB Mike Davis 0-0: Called Strike
0-1: Foul Ball, location: 2F
0-2: Foul Ball, location: 2F
0-2: Ball
1-2: Ground out 6-3 (Groundball, 6MD, EV 86.9 MPH)
Batting: SHB Troy Kenyon 0-0: Called Strike
0-1: Foul Ball, location: 2F
0-2: Strikes out swinging
Batting: LHB Chris Cabrera 0-0: Ball
1-0: Called Strike
1-1: Swinging Strike
1-2: Ball
2-2: Ball
3-2: Foul Ball, location: 2F
3-2: Foul Ball, location: 2F
3-2: Base on Balls
Batting: LHB Doug Anderson 0-0: Fielders Choice at 2nd, 5-4 (Groundball, 5, EV 83.1 MPH)
Bottom of the 8th over - 0 runs, 0 hits, 0 errors, 1 left on base; Salt Lake 4 - Fresno 2
TOP OF THE 9TH
Salt Lake Bees batting - Pitching for Fresno Grizzlies : RHP Shane Walker
Pitching: RHP Harry Christopher
Batting: RHB Jeff Long 0-0: Ball
1-0: Ball
2-0: Fly out, F2 (Popup, 23F, EV 89.4 MPH)
Batting: RHB Guillermo Mojica 0-0: Ball
1-0: Foul Ball, location: 2F
1-1: Ball
2-1: Foul Ball, location: 2F
2-2: Ball
3-2: Ground out 4-3 (Groundball, 4M, EV 87.5 MPH)
Batting: SHB Brendan Bundy 0-0: Swinging Strike
0-1: Ground out 1-3 (Groundball, 25, EV 74.4 MPH)
Top of the 9th over - 0 runs, 0 hits, 0 errors, 0 left on base; Salt Lake 4 - Fresno 2
BOTTOM OF THE 9TH
Fresno Grizzlies batting - Pitching for Salt Lake Bees : LHP Cody Bodenhamer
Pitching: RHP Dave Thomas
Now in RF: Matt Calitri
Batting: LHB Daniel Lopez 0-0: Ball
1-0: Ball
2-0: Swinging Strike
2-1: Ball
3-1: Fly out, F8 (Flyball, 78XD, EV 106.9 MPH)
Batting: LHB Vinny Siebecker 0-0: Swinging Strike
0-1: Ball
1-1: Ball
2-1: Foul Ball, location: 2F
2-2: Strikes out looking
Batting: RHB Raul Sanchez 0-0: Ball
1-0: Called Strike
1-1: Called Strike
1-2: Ball
2-2: Strikes out swinging
Bottom of the 9th over - 0 runs, 0 hits, 0 errors, 0 left on base; Salt Lake 4 - Fresno 2
Wednesday, June 22nd , 2022 - OOTP Baseball 23.4 Build 64